 Dungeon Crawl Stone Soup version 0.22-a0-422-g9628fc8 (webtiles) character file.

49 Borgoz the Skirmisher (level 3, -5/24 HPs)
             Began as a Gargoyle Monk on May 21, 2018.
             Slain by an orc
             ... wielding a +0 mace
              (6 damage)
             ... on level 2 of the Dungeon.
             The game lasted 00:01:14 (1098 turns).

Borgoz the Skirmisher (Gargoyle Monk)               Turns: 1098, Time: 00:01:14

Health: -5/24      AC:  5    Str: 14    XL:     3   Next: 75%
Magic:  3/3        EV: 13    Int: 10    God:
Gold:   107        SH:  0    Dex: 13    Spells: 2/2 levels left

rFire    . . .     SeeInvis .   a - +0 mace
rCold    . . .     Gourm    .   (no shield)
rNeg     + . .     Faith    .   b - +0 robe
rPois    ∞         Spirit   .   (no helmet)
rElec    +         Reflect  .   (no cloak)
rCorr    .         Harm     .   (no gloves)
MR       .....                  (no boots)
Stlth    ++........             (no amulet)
HPRegen  0.08/turn              (no ring)
MPRegen  0.08/turn              (no ring)

@: no status effects
A: negative energy resistance 1, electricity resistance, unbreathing,
petrification resistance, rot immunity, AC +3
a: no special abilities


You were on level 2 of the Dungeon.
You were hungry.

You visited 1 branch of the dungeon, and saw 2 of its levels.

You collected 107 gold pieces.

Inventory:

Hand Weapons
 a - a +0 mace (weapon)
Armour
 b - a +0 robe (worn)
Scrolls
 f - a scroll of identify {unknown}
 h - a scroll of enchant armour {unknown}
Potions
 d - a potion of brilliance {unknown}
 e - 2 potions of cancellation {unknown}
 g - a potion of curing {unknown}
Comestibles
 c - 3 rations


   Skills:
 + Level 3.7 Fighting
 + Level 3.3 Maces & Flails
 + Level 1.3 Armour
 * Level 3.0 Dodging
 - Level 2.1 Stealth


You had 2 spell levels left.
You didn't know any spells.
Your spell library was empty.

Dungeon Overview and Level Annotations

Branches:
Dungeon (2/15)

Altars:


Innate Abilities, Weirdness & Mutations

You are resistant to torment.
Your stone body is resilient. (AC +3)
You are immune to poison.
You resist negative energy. (rN+)
You are resistant to electric shocks. (rElec)
You can survive without breathing.
You are immune to petrification.
You are immune to rotting.


Message History

The orc misses you.
You sock the orc!
You kill the orc!
You hit the goblin.
The goblin is heavily wounded.
The goblin barely misses you. The goblin misses you.
You sock the goblin!
You kill the goblin!
You sock the hobgoblin!
You kill the hobgoblin!
You hit the orc.
The orc is moderately wounded.
The orc hits you with a mace.
* * * LOW HITPOINT WARNING * * *
You hit the orc.
The orc is severely wounded.
The orc hits you with a mace.
* * * LOW HITPOINT WARNING * * *
The orc hits you with a mace.
You die...

.... ... ... ..
#. #.+######.##
## #go@....... ..
#.###!....# ..
##...####.## #.
##..#g.#$#
#.##...##go###..#
#.<...##g...((..
#.###..###).8.8.#
#. #..# .$##..#
#. #..# ##.. ##


You could see an orc and a hobgoblin.

Vanquished Creatures
  2 oozes (D:1)
  3 dart slugs (D:1)
  2 orcs (D:2)
  3 giant cockroaches (D:1)
  5 hobgoblins
  2 jackals (D:1)
  2 bats (D:1)
  4 frilled lizards (D:1)
  2 goblins
  3 kobolds (D:1)
  4 rats (D:1)
32 creatures vanquished.

Notes
Turn   | Place    | Note
-------+----------+-------------------------------------------
     0 | D:1      | Borgoz the Gargoyle Monk began the quest for the Orb.
     0 | D:1      | Reached XP level 1. HP: 14/14 MP: 1/1
   436 | D:1      | Reached XP level 2. HP: 19/19 MP: 2/2
   694 | D:1      | Reached skill level 1 in Armour
   694 | D:1      | Reached XP level 3. HP: 15/23 MP: 3/3
  1098 | D:2      | HP: 1/24 [orc/mace (1)]
  1098 | D:2      | Slain by an orc

Vault maps used:
D:1:      enne_arrival_octagon_isle
D:2:      minmay_misc_feat_cross, guppyfry_early_orc_mine

Skill      XL: |  1  2  3 |
---------------+----------+-----
Armour         | 1 |  1.3
Dodging        | 3 |  3.0
Fighting       | |  3.7
Maces & Flails | |  3.3
Stealth        | |  2.1

Action                   || total
-------------------------++-------
Melee: Mace              ||   108
 Stab: Sleeping          ||     6
Armor: Robe              ||    42
Dodge: Dodged            ||    83

Table legend:
 A = Spawn XP
 B = Non-spawn XP
 C = Spawn XP percentage of total XP
 D = Spawn monster count
 E = Non-spawn monster count
 F = Spawn count percentage of total count
 G = Total turns spent on level
                    A         B        C        D         E        F      G
               +---------+---------+-------+---------+---------+-------+---------
         Total |       0 |      70 |   0.0 |       0 |      32 |   0.0 |  1098
               +---------+---------+-------+---------+---------+-------+---------
           D:1 |       0 |      60 |   0.0 |       0 |      28 |   0.0 |  1063
           D:2 |       0 |      10 |   0.0 |       0 |       4 |   0.0 |    35
               +---------+---------+-------+---------+---------+-------+---------
